 Dungeon Crawl Stone Soup version 0.23.2-1-ga50397a (webtiles) character file.

Game seed: 2919546328638864881

506 cab the Digger (level 7, -1/36 HPs)
             Began as a Gargoyle Earth Elementalist on May 28, 2019.
             Was an Initiate of Vehumet.
             Killed from afar by Blork the orc (7 damage)
             ... with a magic dart
             ... on level 5 of the Dungeon.
             The game lasted 00:21:04 (6100 turns).

cab the Digger (Gargoyle Earth Elementalist)        Turns: 6100, Time: 00:21:04

Health: -1/36      AC:  8    Str: 11    XL:     7   Next: 18%
Magic:  8/10       EV: 26    Int: 18    God:    Vehumet [......]
Gold:   198        SH:  0    Dex: 10    Spells: 7/11 levels left

rFire    . . .     SeeInvis .   u - +1 flail
rCold    . . .     Gourm    .   (no shield)
rNeg     + . .     Faith    .   s - +0 leather armour
rPois    ∞         Spirit   .   (no helmet)
rElec    +         Reflect  .   (no cloak)
rCorr    .         Harm     .   (no gloves)
MR       .....                  (no boots)
Stlth    ++........             w - amulet of the acrobat
HPRegen  0.12/turn              o - ring of flight
MPRegen  0.12/turn              (no ring)

@: acrobat
A: negative energy resistance 1, electricity resistance, unbreathing,
petrification resistance, rot immunity, AC +4
a: Renounce Religion, Evoke Flight


You were on level 5 of the Dungeon.
You worshipped Vehumet.
Vehumet was noncommittal.
You were near starving.

You visited 2 branches of the dungeon, and saw 6 of its levels.

You collected 198 gold pieces.

Inventory:

Hand Weapons
 e - a +0 whip
 l - a +0 club
 u - a +1 flail (weapon)
 A - a +0 morningstar
Missiles
 b - 40 stones (quivered)
Armour
 c - a +0 robe
 s - a +0 leather armour (worn)
Jewellery
 o - a ring of flight (left hand)
 w - an amulet of the acrobat (around neck)
Scrolls
 a - a scroll of enchant weapon
 j - a scroll of remove curse
 p - a scroll of amnesia
 r - a scroll of random uselessness {unknown}
 t - a scroll of noise {unknown}
 v - a scroll of immolation
 y - 2 scrolls of identify
Potions
 f - a potion of haste {unknown}
 g - a potion of cancellation
 h - a potion of ambrosia {unknown}
 i - 3 potions of brilliance
 k - a potion of mutation {unknown}
 m - 4 potions of curing
 n - 2 potions of resistance
 q - a potion of degeneration
 x - a potion of magic {unknown}
 z - a potion of berserk rage {unknown}
Comestibles
 d - 9 rations


   Skills:
 + Level 2.8 Armour
 - Level 1.5 Dodging
 - Level 2.1 Stealth
 - Level 2.5 Spellcasting
 * Level 3.3 Conjurations
   Level 0.7 Transmutations
 + Level 7.6 Earth Magic


You had 7 spell levels left.
You knew the following spells:

 Your Spells              Type           Power        Failure   Level  Hunger
a - Sandblast             Erth           ####..       1%          1    #......
b - Stone Arrow           Conj/Erth      ###...       7%          3    ###....

Your spell library contained the following spells:

 Spells                   Type           Power        Failure   Level  Hunger
 Passwall                 Tmut/Erth      ###.....     6%          2    ##.....
 Lee's Rapid Deconstruct  Erth           ####......   26%         5    ######.
 Petrify                  Tmut/Erth      ###.....     36%         4    #####..


Dungeon Overview and Level Annotations

Branches:
Dungeon (5/15)             Temple (1/1) D:4

Altars:
Ashenzari
Cheibriados
Dithmenos
Elyvilon
Gozag
Hepliaklqana
Kikubaaqudgha
Makhleb
Nemelex Xobeh
Okawaru
Qazlal
Ru
Sif Muna
Trog
Uskayaw
Vehumet
Wu Jian
Xom
Yredelemnul
Zin
The Shining One

Annotations:
D:5 Blork the orc


Innate Abilities, Weirdness & Mutations

You are resistant to torment.
Your stone body is resilient. (AC +4)
You are immune to poison.
You resist negative energy. (rN+)
You are resistant to electric shocks. (rElec)
You can survive without breathing.
You are immune to petrification.
You are immune to rotting.


Message History

Aim: Blork the orc, wielding a +0 scimitar and wearing a +2 robe of the Archmagi (severely wounded, fast)
The blast of sand hits Blork the orc.
Blork the orc is almost dead.
b - 41 stones Blork the orc hits you with a +0 scimitar.
* * * LOW HITPOINT WARNING * * *
Casting: Sandblast (safe; 1% risk of failure)
Confirm with . or Enter, or press ? or * to list all spells.
Aiming: Sandblast (safe; 1% risk of failure)
Press: ? - help, Shift-Dir - straight line, f/p - Blork the orc
Aim: Blork the orc, wielding a +0 scimitar and wearing a +2 robe of the Archmagi (almost dead, fast)
The blast of sand hits Blork the orc but does no damage.
Blork the orc is almost dead.
b - 40 stones Blork the orc misses you.
Blork the orc looks angry.
Blork the orc closely misses you.
Blork the orc gestures at you while chanting.
The magic dart hits you!
You die...

####.##...# #...
..........# #..#
####.#...>... #..#
#.##.####.#### #..#
# #.##.# #....#
#..###.##.. ..##.#
#5##.# #..........
#.##.# #.##.#
#..<....... ..##.#
##.##.####..###.###.
#.##.###.....5o.@..#
#.##........####...#
......#####.# #.<.#
#.###.# #.# #...#
#.# #.# #.# #.#.#
..# #.# #.# #.#.#
### #.# #.# #...#
#.# #.# #.### #.#
#.#


You could see Blork the orc and a crimson imp.

Vanquished Creatures
  A sky beast (D:5)
  2 crimson imps
  2 orc wizards
  3 worker ants (D:4)
  A gnoll (D:1)
  7 adders
  An ooze (D:4)
  An adder skeleton (D:4)
  3 worms
  A dart slug (D:1)
  3 leopard geckos
  23 orcs
  2 ball pythons
  4 bats
  5 giant cockroaches
  7 hobgoblins
  2 jackals (D:2)
  8 kobolds
  2 quokkas (D:3)
  4 frilled lizards
  5 goblins
  4 goblin skeletons (D:4)
  A goblin zombie (D:4)
  A hobgoblin zombie (D:4)
  A jackal skeleton (D:4)
  A kobold skeleton (D:4)
  A leopard gecko skeleton (D:4)
  An orc skeleton (D:4)
  An orc zombie (D:4)
  11 rats
109 creatures vanquished.

Notes
Turn   | Place    | Note
-------+----------+-------------------------------------------
     0 | D:1      | cab the Gargoyle Earth Elementalist began the quest for the
                  | Orb.
     0 | D:1      | Reached XP level 1. HP: 10/10 MP: 3/3
    57 | D:1      | Reached skill level 4 in Earth Magic
    63 | D:1      | Reached XP level 2. HP: 8/15 MP: 0/5
   549 | D:1      | Reached XP level 3. HP: 19/19 MP: 6/6
   558 | D:1      | Learned a level 3 spell: Stone Arrow
  1329 | D:2      | You fall through a shaft!
  1334 | D:3      | Reached skill level 1 in Conjurations
  1338 | D:3      | Reached skill level 5 in Earth Magic
  1456 | D:3      | Reached XP level 4. HP: 16/24 MP: 2/7
  1644 | D:3      | Reached XP level 5. HP: 7/28 MP: 1/8
  1939 | D:3      | Reached skill level 6 in Earth Magic
  4256 | D:4      | Reached skill level 1 in Armour
  4256 | D:4      | Reached XP level 6. HP: 20/32 MP: 1/9
  4552 | D:4      | Found a glowing golden altar of the Shining One.
  4589 | D:4      | Reached skill level 7 in Earth Magic
  4819 | D:4      | Found a staircase to the Ecumenical Temple.
  4864 | Temple   | Entered the Ecumenical Temple
  5027 | Temple   | Became a worshipper of Vehumet
  5631 | D:5      | Entered Level 5 of the Dungeon
  5948 | D:5      | Noticed a sky beast
  5963 | D:5      | Killed a sky beast
  5963 | D:5      | Reached XP level 7. HP: 21/36 MP: 1/10
  6063 | D:5      | Noticed Blork the orc
  6100 | D:5      | Killed from afar by Blork the orc

Skill      XL: |  1  2  3  4  5  6 |
---------------+-------------------+-----
Earth Magic    | 4 5 6 7 |  7.6
Conjurations   | 1 2 3 |  3.3
Armour         | 1 2 |  2.8
Dodging        | |  1.5
Stealth        | |  2.1
Spellcasting   | |  2.5
Transmutations | |  0.7

Action                   |  1- 3 |  4- 6 |  7- 9 || total
-------------------------+-------+-------+-------++-------
Melee: Short sword       |     7 |       |       ||     7
       Whip              |    65 |    26 |       ||    91
       Flail             |       |   117 |       ||   117
 Cast: Sandblast         |    26 |    91 |     6 ||   123
       Stone Arrow       |       |    14 |       ||    14
  Use: Scroll            |       |    10 |       ||    10
 Stab: Sleeping          |     3 |       |       ||     3
  Eat: Chunk             |     2 |    15 |       ||    17
Armor: Robe              |    31 |     2 |       ||    33
       Leather armour    |       |    76 |       ||    76
Dodge: Dodged            |    59 |    93 |     5 ||   157
